 Dungeon Crawl Stone Soup version 0.23.2 (webtiles) character file.

Game seed: 13749583851148109622

67 Redear the Shield-Bearer (level 3, 0/34 HPs)
             Began as a Minotaur Fighter on Apr 1, 2019.
             Slain by a gnoll
             ... wielding a +0 flail
              (10 damage)
             ... on level 2 of the Dungeon.
             The game lasted 00:03:23 (734 turns).

Redear the Shield-Bearer (Minotaur Fighter)          Turns: 734, Time: 00:03:24

Health: 0/34       AC:  7    Str: 20    XL:     3   Next: 98%
Magic:  2/2        EV:  9    Int:  5    God:
Gold:   97         SH:  0    Dex: 10    Spells: 2/2 levels left

rFire    . . .     SeeInvis .   a - +0 war axe
rCold    . . .     Gourm    .   (no shield)
rNeg     . . .     Faith    .   b - +0 scale mail
rPois    .         Spirit   .   (helmet restricted)
rElec    .         Reflect  .   (no cloak)
rCorr    .         Harm     .   (no gloves)
MR       .....                  (no boots)
Stlth    ..........             (no amulet)
HPRegen  0.11/turn              (no ring)
MPRegen  0.08/turn              (no ring)

@: no status effects
A: retaliatory headbutt, horns 2
a: no special abilities


You were on level 2 of the Dungeon.
You were not hungry.

You visited 1 branch of the dungeon, and saw 2 of its levels.

You collected 97 gold pieces.


Innate Abilities, Weirdness & Mutations

You reflexively headbutt those who attack you in melee.
You have a pair of horns on your head.

Inventory:

Hand Weapons
 a - a +0 war axe (weapon)
Missiles
 n - 20 stones (quivered)
 r - 18 bolts
 t - 6 needles of confusion
Armour
 b - a +0 scale mail (worn)
 c - a +0 shield
Jewellery
 e - an uncursed ring of flight {unknown}
 i - an uncursed amulet of the acrobat {unknown}
 k - an uncursed amulet of regeneration {unknown}
 o - a +2 ring of slaying {unknown}
Scrolls
 g - 4 scrolls of identify {unknown}
 j - a scroll of immolation {unknown}
 p - 2 scrolls of fear {unknown}
 q - a scroll of noise {unknown}
Potions
 d - a potion of might {Str+5 DMG+1d10}
 h - 2 potions of degeneration {unknown}
 l - a potion of curing {unknown}
 m - a potion of resistance {unknown}
 s - 2 potions of haste {unknown}
 u - a potion of flight {unknown}
Comestibles
 f - 4 rations


You had 2 spell levels left.
You didn't know any spells.
Your spell library was empty.


   Skills:
 + Level 4.3 Fighting
 + Level 3.2 Axes
 + Level 4.3 Armour
 + Level 4.3 Shields

Dungeon Overview and Level Annotations

Branches:
Dungeon (2/15)

Altars:

Levels and vault maps discovered:
D:1:      ldierk_walled_garden, layout_basic, minmay_lizard_pond
D:2:      layout_loops_corners, grunt_ministairs_15
You       could see a howler monkey, a gnoll and a goblin.


Message History

No target in view!
No target in view!
No target in view!
No target in view!
You now have 97 gold pieces (gained 18). 2 gnolls come into view.
The gnoll shouts! x2; You hear an angry hiss.
You hear a shout!
A frilled lizard and a goblin come into view.
The frilled lizard hisses angrily.
The goblin shouts!
You hear a shout!
The gnoll hits you but does no damage.
A frilled lizard comes into view.
Found a mace.
Your scale mail prevents you from hitting the gnoll.
The frilled lizard hisses angrily.
The gnoll hits you but does no damage.
A gnoll comes into view. It is wielding a +0 flail.
You barely miss the gnoll.
The gnoll shouts!
You headbutt the gnoll.
The gnoll is moderately wounded.
The gnoll hits you with a +0 club. The gnoll misses you.
You lost 3 HP.
You have now: 30/33 HP.
You barely miss the gnoll.
The gnoll is moderately wounded.
You hit the gnoll. The gnoll hits you with a +0 flail!
The gnoll closely misses you.
A howler monkey comes into view.
You slash the gnoll!
The gnoll is severely wounded.
You hit the gnoll but do no damage. The gnoll hits you with a +0 flail!
* * * LOW HITPOINT WARNING * * *
The gnoll barely misses you. You furiously retaliate!
You headbutt the gnoll!
You kill the gnoll!
The goblin unwields a +0 dagger.
The goblin wields a +0 hunting sling.
The goblin shoots a stone.
The stone closely misses you. !MASSIVE DAMAGE!
YOU LOST 21 HP!
You have now: 9/33 HP.
The howler monkey hoots and howls with incredible vigour!
You slash the gnoll!
You kill the gnoll!
You got additional 1 HP.
You closely miss the frilled lizard.
The frilled lizard bites you but does no damage. x2
You hit the frilled lizard.
You kill the frilled lizard!
You hit the gnoll. You headbutt the gnoll.
The gnoll is moderately wounded.
The howler monkey hoots and howls with incredible vigour!
The gnoll hits you with a +0 flail!
You die...

Action                   || total
-------------------------++-------
Melee: War axe           ||    70
       Headbutt          ||     5
Armor: Scale mail        ||    57
Dodge: Dodged            ||    49

Notes
Turn   | Place    | Note
-------+----------+-------------------------------------------
     0 | D:1      | Redear the Minotaur Fighter began the quest for the Orb.
     0 | D:1      | Reached XP level 1. HP: 19/19 MP: 0/0
    58 | D:1      | Reached XP level 2. HP: 21/27 MP: 1/1
   143 | D:1      | Reached skill level 4 in Fighting
   143 | D:1      | Reached skill level 4 in Shields
   171 | D:1      | Reached skill level 4 in Armour
   371 | D:1      | Reached skill level 3 in Axes
   384 | D:1      | Reached XP level 3. HP: 33/33 MP: 2/2
   734 | D:2      | Slain by a gnoll

Table legend:
 A = Turns spent in this place as a percentage of turns spent in the entire game.
 B = Non-inter-level travel turns spent in this place as a percentage of non-inter-level travel turns spent in the entire game.
 C = Inter-level travel turns spent in this place as a percentage of turns spent in this place.
 D = Turns resting spent in this place as a percentage of non-inter-level travel turns spent in this place.
 E = Turns spent auto-exploring this place as a percentage of non-inter-level travel turns spent in this place.
 F = Non-inter-level travel turns spent in this place divided by the number of levels of this place that you've seen.
                   A       B       C       D       E      F
               +-------+-------+-------+-------+-------+----------------------
         Total | 100.0 | 100.0 |   1.5 |   0.0 |  75.5 | 361.5
       Dungeon | 100.0 | 100.0 |   1.5 |   0.0 |  75.5 | 361.5
               +-------+-------+-------+-------+-------+----------------------

Table legend:
 A = Kills in this place as a percentage of kills in entire the game.
 B = Kills by you in this place as a percentage of kills by you in the entire game.
 C = Kills by friends in this place as a percentage of kills by friends in the entire game.
 D = Other kills in this place as a percentage of other kills in the entire game.
 E = Experience gained in this place as a percentage of experience gained in the entire game.
 F = Experience gained in this place divided by the number of levels of this place that you have seen.
                   A       B       C       D       E      F
               +-------+-------+-------+-------+-------+----------------------
         Total | 100.0 | 100.0 |   N/A |   N/A | 100.0 |  48.0
       Dungeon | 100.0 | 100.0 |   N/A |   N/A | 100.0 |  48.0
               +-------+-------+-------+-------+-------+----------------------

Vanquished Creatures
  2 gnolls (D:2)
  A dart slug (D:2)
  A leopard gecko (D:2)
  A ball python (D:1)
  6 bats
  4 giant cockroaches
  2 goblins (D:1)
  7 hobgoblins
  2 jackals (D:1)
  A quokka (D:2)
  10 frilled lizards
  A kobold (D:1)
  5 rats
43 creatures vanquished.

Vanquished Creatures (others)
  5 toadstools (D:1)
5 creatures vanquished.

Grand Total: 48 creatures vanquished
